 Dungeon Sprint DCSS version 0.23.2 (webtiles) character file.

Game seed: 13392053912137131886

274 Pocketmage the Cleaver (level 6, -8/63 HPs)
             Began as a Naga Berserker on Apr 9, 2019.
             Was a Believer of Trog.
             Mangled by a slime creature (16 damage)
             ... in the Dungeon (Sprint I: "Red Sonja").
             The game lasted 00:03:27 (562 turns).

Pocketmage the Cleaver (Naga Berserker)              Turns: 562, Time: 00:03:28

Health: -8/63      AC:  3    Str: 22    XL:     6   Next: 24%
Magic:  6/6        EV: 11    Int:  7    God:    Trog [**....]
Gold:   162        SH:  0    Dex: 10    Spells: 5/5 levels left

rFire    . . .     SeeInvis +   a - +0 hand axe
rCold    . . .     Gourm    .   (no shield)
rNeg     . . .     Faith    .   b - +0 animal skin
rPois    +         Spirit   .   (no helmet)
rElec    .         Reflect  .   (no cloak)
rCorr    .         Harm     .   (no gloves)
MR       ++...     NoTele   +   (no barding)
Stlth    +.........             (no amulet)
HPRegen  1.20/turn              (no ring)
MPRegen  0.10/turn              (no ring)

@: regenerating, very slow
A: large, see invisible, deformed body, poison resistance, slowness 2, slow
metabolism 1, spit poison 1, AC +2
a: Spit Poison, Berserk, Trog's Hand, Renounce Religion


You were in the Dungeon.
You worshipped Trog.
Trog was pleased with you.
You were very hungry.

You visited 1 branch You collected 162 gold pieces.

Inventory:

Hand Weapons
 a - a +0 hand axe (weapon)
Armour
 b - a +0 animal skin (worn)
Wands
 j - a wand of random effects (22)
Scrolls
 i - a scroll of blinking
Potions
 d - a potion of curing
 e - a potion of heal wounds
 f - a potion of haste
 g - 3 potions of magic
 h - a potion of berserk rage
Comestibles
 c - a ration


   Skills:
 + Level 6.3 Fighting
 * Level 8.5 Axes
 + Level 4.8 Armour
 + Level 4.9 Dodging


You had 5 spell levels left.
You didn't know any spells.
Your spell library was empty.

Dungeon Overview and Level Annotations

Branches:
Dungeon (1/1)

Altars:
Makhleb
Xom
Jiyva
Lugonu


Innate Abilities, Weirdness & Mutations

You cannot wear boots.
Your serpentine skin is tough. (AC +2)
You have supernaturally acute eyesight. (SInv)
Armour fits poorly on your strangely shaped body.
Your system is resistant to poisons. (rPois)
You cover ground very slowly.
You have a slow metabolism.
You can spit poison.


Message History

You feel resistant to hostile enchantments.
You feel somewhat more hungry. The slime creature misses you.
You hit the slime creature but do no damage.
The slime creature is lightly wounded.
The slime creature barely misses you.
You hit the slime creature.
The slime creature is lightly wounded.
The slime creature hits you!!
You slash the slime creature!
The slime creature is moderately wounded.
The slime creature hits you!
* * * LOW HITPOINT WARNING * * *
You hit the slime creature.
The slime creature is moderately wounded.
The slime creature hits you.
* * * LOW HITPOINT WARNING * * *
You hit the slime creature.
The slime creature is heavily wounded.
The slime creature hits you!
You die...

###################
#<.#..)..#..'..#__#
#..').#..').#..@J.+
#..#####'#####+#__#
#..# #..# ### #..#
#### #..# #⌠⌠# ####


You could see a slime creature.

Vanquished Creatures
  Sigmund (D)
  An ogre (D)
  Ijyb (D)
3 creatures vanquished.

Notes
Turn   | Place    | Note
-------+----------+-------------------------------------------
     0 | D        | Pocketmage the Naga Berserker began the quest for the Orb.
     0 | D        | Reached XP level 1. HP: 21/21 MP: 1/1
     1 | D        | Noticed Ijyb
    15 | D        | Killed Ijyb
    15 | D        | Reached skill level 4 in Axes
    15 | D        | Reached XP level 2. HP: 17/30 MP: 2/2
    15 | D        | Reached XP level 3. HP: 21/36 MP: 3/3
   185 | D        | Noticed an ogre
   189 | D        | Killed an ogre
   189 | D        | Reached skill level 5 in Fighting
   189 | D        | Reached skill level 6 in Axes
   189 | D        | Reached XP level 4. HP: 46/46 MP: 4/4
   230 | D        | Noticed Sigmund
   253 | D        | Killed Sigmund
   253 | D        | Reached ** piety under Trog
   253 | D        | Reached skill level 8 in Axes
   253 | D        | Reached XP level 5. HP: 19/56 MP: 5/5
   253 | D        | Reached XP level 6. HP: 22/63 MP: 6/6
   550 | D        | Found a burning altar of Makhleb.
   550 | D        | Found a viscous altar of Jiyva.
   550 | D        | Found a shimmering altar of Xom.
   550 | D        | Found a corrupted altar of Lugonu.
   550 | D        | Noticed a slime creature
   562 | D        | Mangled by a slime creature

Skill      XL: |  1  2  3  4 |
---------------+-------------+-----
Axes           | 4 6 8 |  8.5
Armour         | 2 3 4 |  4.8
Dodging        | 2 3 4 |  4.9
Fighting       | 5 6 |  6.3

Action                   |  1- 3 |  4- 6 || total
-------------------------+-------+-------++-------
Melee: Hand axe          |    15 |    24 ||    39
Invok: Berserk           |     2 |     1 ||     3
       Trog's Hand       |       |     1 ||     1
Armor: Animal skin       |     1 |       ||     1
Dodge: Dodged            |     4 |    16 ||    20
